 Dungeon Crawl Stone Soup version 0.31.0-4-g52a2dc7128 (webtiles) character file.

Game seed: 16063858165205923154

500164 monsoonserge the Petrodigitator (level 26, -2/160 HPs)
             Began as a Djinni Hedge Wizard on Jan 20, 2024.
             Was the Champion of Hepliaklqana.
             Killed by miscasting Chain Lightning (24 damage)
             ... on level 5 of the Vaults on Jan 22, 2024.
             The game lasted 10:16:38 (92037 turns).

monsoonserge the Petrodigitator (DjHW)             Turns: 92037, Time: 10:16:39

Health: -2/160     AC: 19    Str: 10    XL:     26   Next: 48%
Gold:   3997       EV: 17    Int: 35    God:    Hepliaklqana [******] SH: 14 Dex: 17

rFire   + + .        C - staff of air
rCold   + . .        D - +0 kite shield {reflect}
rNeg    + . .        H - +6 scale mail "Jiyjux" {rElec rC+ rCorr Str+2}
rPois   ∞            g - +0 helmet of the Eternal Void {+Inv Str+4 Dex+2}
rElec   +            b - scarf {repulsion}
rCorr   +            Z - +1 pair of gloves "Kumiqig" {*Corrode rC+ MP+9 Int+5}
SInv    .            (boots unavailable)
Will    +++..        T - amulet "Kiclurgha" {Spirit rElec rN+ Str-5}
Stlth   ++           f - ring "Fuploemi" {Wiz rElec Int+4}
HPRegen 0.46/turn    r - ring of Wullec {^Drain rElec Will+ EV+5}
MPRegen 0.00/turn

%: corrode self (3%), repel missiles, reflection, guardian spirit, wizardry
(x1), infuse magic (-3 HP)
@: death channelling, flying, very slightly contaminated, hasted, studying Earth
Magic, very quick
A: reduced essence, sickness immunity, fire resistance 2, cold vulnerability 1,
float, innate caster, HP casting, extra vitality 1, frail 1
}: 2/15 runes: serpentine, barnacled
a: Renounce Religion, Evoke Invisibility, Recall Ancestor, Ancestor Identity,
Transference, Idealise


You were on level 5 of the Vaults.
You worshipped Hepliaklqana.
Hepliaklqana was exalted by your worship.
You visited 9 branches of the dungeon, and saw 43 of its levels.
You also visited: Gauntlet and Ice Cave.

You collected 6459 gold pieces.
You spent 2462 gold pieces at shops.

Inventory:

Missiles
 j - 14 curare-tipped darts
 B - 25 throwing nets (quivered)
Armour
 b - a scarf of repulsion (worn)
 g - the +0 helmet of the Eternal Void (worn) {+Inv Str+4 Dex+2}
   (You found it in a Gauntlet)

   Str+4:     It affects your strength (+4).
   Dex+2:     It affects your dexterity (+2).
   +Inv:      It lets you turn invisible.
 D - a +0 kite shield of reflection (worn)
 F - a +2 robe of resistance
 H - the +6 scale mail "Jiyjux" (worn) {rElec rC+ rCorr Str+2}
   (You found it on level 4 of the Vaults)

   Str+2:     It affects your strength (+2).
   rC+:       It protects you from cold.
   rElec:     It insulates you from electricity.
   rCorr:     It protects you from acid and corrosion.
 J - a +2 kite shield of cold resistance
 O - +0 acid dragon scales
 Z - the +1 pair of gloves "Kumiqig" (worn) {*Corrode rC+ MP+9 Int+5}
   (You acquired it on level 2 of the Shoals)

   Int+5:     It affects your intelligence (+5).
   rC+:       It protects you from cold.
   MP+9:      It affects your magic capacity (+9).
   *Corrode:  It may corrode you when you take damage.
Magical Staves
 C - a staff of air (weapon)
Jewellery
 a - the ring of Winter {Ice rPois rCorr Str+3 Dex-3}
   (You found it on level 3 of the Vaults)

   [ring of ice]

   Ice:       It enhances your ice magic.
   Str+3:     It affects your strength (+3).
   Dex-3:     It affects your dexterity (-3).
   rF-:       It makes you vulnerable to fire.
   rC+:       It protects you from cold.
   rPois:     It protects you from poison rCorr: It protects you from acid and
   corrosion.
 f - the ring "Fuploemi" (left hand) {Wiz rElec Int+4}
   (You found it on level 5 of the Dungeon)

   [ring of wizardry]

   Wiz:       It improves your spell success rate.
   Int+4:     It affects your intelligence (+4).
   rElec:     It insulates you from electricity.
 i - the ring "Noatecot" {rElec rC+ Str+3 Stlth-}
   (You found it on level 1 of the Elven Halls)

   [ring of protection from cold]

   Str+3:     It affects your strength (+3).
   rC+:       It protects you from cold.
   rElec:     It insulates you from electricity.
   Stlth-:    It makes you less stealthy.
 r - the ring of Wullec (right hand) {^Drain rElec Will+ EV+5}
   (You took it off a deep elf archer on level 3 of the Elven Halls)

   [ring of evasion]

   EV+5:      It affects your evasion (+5).
   rElec:     It insulates you from electricity.
   Will+:     It increases your willpower.
   ^Drain:    It drains your maximum health when unequipped.
 t - the ring "Giunky" {Fire +Blink rN+++ Str+3 Dex-5}
   (You took it off a deep elf zephyrmancer on level 3 of the Elven Halls)

   [ring of fire]

   Fire:      It enhances your fire magic.
   Str+3:     It affects your strength (+3).
   Dex-5:     It affects your dexterity (-5).
   rF+:       It protects you from fire.
   rC-:       It makes you vulnerable to cold.
   rN+++:     It renders you almost immune to negative energy.
   +Blink:    It lets you blink.
 K - the ring "Wiw Ciur" {rC+ rN++}
   (You took it off a deep elf zephyrmancer on level 3 of the Elven Halls)

   [ring of protection from cold]

   rC+:       It protects you from cold.
   rN++:      It greatly protects you from negative energy.
 Q - an amulet of reflection
 T - the amulet "Kiclurgha" (around neck) {Spirit rElec rN+ Str-5}
   (You found it on level 11 of the Dungeon)

   [amulet of guardian spirit]

   Spirit:    It causes incoming damage to be divided between your reserves of
   health and magic.
   Str-5:     It affects your strength (-5).
   rElec:     It insulates you from electricity.
   rN+:       It protects you from negative energy.
Wands
 m - a wand of roots (48)
 E - a wand of polymorph (23)
 R - a wand of mindburst (61)
 W - a wand of paralysis (60)
 X - a wand of acid (19)
 Y - a wand of digging (15)
Scrolls
 h - 7 scrolls of fear
 l - 14 scrolls of immolation
 p - 5 scrolls of poison
 q - a scroll of butterflies
 u - 8 scrolls of blinking
 x - 5 scrolls of teleportation
 I - 8 scrolls of revelation
 L - 7 scrolls of fog
 M - 9 scrolls of vulnerability
 N - 3 scrolls of torment
 S - 8 scrolls of enchant armour
Potions
 c - 4 potions of mutation
 d - 7 potions of lignification
 e - 6 potions of curing
 k - 4 potions of resistance
 s - 6 potions of invisibility
 v - a potion of heal wounds
 y - 3 potions of haste
 z - 2 potions of ambrosia
 P - 4 potions of brilliance
 U - 3 potions of berserk rage
 V - 3 potions of cancellation
Miscellaneous
 n - a tin of tremorstones (2/2)
 o - a lightning rod (4/4)
 w - a box of beasts (inert)
 A - a phantom mirror
 G - a phial of floods


   Skills:
 + Level 20.4 Fighting
 + Level 0.1(0.2) Polearms
 + Level 0.1(0.2) Staves
 + Level 3.0 Throwing
 * Level 13.7 Armour
 + Level 10.6 Dodging
 + Level 4.7 Stealth
 * Level 16.3 Shields
 * Level 24.7 Spellcasting
 * Level 24.7 Conjurations
 * Level 24.7 Hexes
 * Level 24.7 Summonings
 * Level 24.7 Necromancy
 * Level 24.7 Translocations
 * Level 24.7 Fire Magic
 * Level 24.7 Ice Magic
 * Level 24.7 Air Magic
 O Level 27 Earth Magic
 * Level 24.7 Alchemy
 + Level 7.1 Invocations
 + Level 10.7 Evocations


You knew the following spells:

 Your Spells              Type           Power      Damage    Failure   Level
a - Magic Dart            Conj           100%       1d8       0%          1
b - Slow                  Hex            100%       N/A       0%          1
c - Blink                 Tloc           100%       N/A       0%          2
d - Call Imp              Summ           100%       N/A       0%          2
e - Mephitic Cloud        Conj/Alch/Air  100%       N/A       0%          3
f - Apportation           Tloc           100%       N/A       0%          1
g - Scorch                Fire           100%       2d9       0%          2
h - Gell's Gravitas       Tloc           100%       N/A       0%          3
i - Airstrike             Air            72%        2d(11-27) 0%          4
j - Silence               Hex/Air        72%        N/A       0%          5
k - Borgnjor's Vile Clut  Necr/Erth      61%        N/A       0%          5
l - Eringya's Noxious Bo  Alch           60%        4d6       1%          6
m - Death Channel         Necr           60%        N/A       1%          6
n - Dispersal             Tloc           60%        N/A       1%          6
o - Discord               Hex            60%        N/A       1%          8
p - Malign Gateway        Summ/Tloc      60%        N/A       1%          7
q - Chain Lightning       Conj/Air       72%        3d96      7%          9
Your spell library was empty.

Dungeon Overview and Level Annotations

Branches:
Dungeon (15/15)            Temple (1/1) D:4            Lair (5/5) D:9
 Shoals (4/4) Lair:3        Snake (4/4) Lair:2        Slime (0/5) Lair:5
    Orc (2/2) D:9             Elf (3/3) Orc:2        Vaults (5/5) D:13
  Crypt (0/3) Vaults:3     Depths (4/4) D:15            Zot (0/5) Depths:4
  IceCv (visited)         Gauntlet (visited)

Altars:
Ashenzari
Cheibriados
Dithmenos
Elyvilon
Fedhas
Gozag
Hepliaklqana
Makhleb
Nemelex Xobeh
Okawaru
Qazlal
Ru
Trog
Uskayaw
Wu Jian
Xom
Yredelemnul
Zin
The Shining One
Jiyva
Lugonu

Shops:
D:8 :   Orc:1 :   Orc:2 =*[(   Elf:1 *   Shoals:2 :   Snake:4 :   Vaults:1 *
Vaults:3 *   Depths:2 =??

Portals:
Hell: Depths:1 Depths:2 Depths:3 Depths:4
Abyss: Depths:2 Depths:3 Depths:4
Pandemonium: Depths:1 Depths:2 Depths:3 Depths:4
Ziggurat: Depths:3

Annotations:
Vaults:2 3 runed translucent doors, deprived's ghost, veteran HOFi


Innate Abilities, Weirdness & Mutations

Your life essence is reduced to manifest your ancestor. (-10% HP)
You are immune to sickness and miasma.
You are immune to poison.
Your flesh is very heat resistant. (rF++)
You are vulnerable to cold. (rC-)
You float through the air rather than walking.
You learn spells naturally, not from books.
Your magical power is your life essence.
You have superior vitality. (+4 MHP)
You are frail. (-10% HP)


Message History

* * * LOW HITPOINT WARNING * * *
You block the ironbound preserver's attack.
Okay, then.
Okay, then.
Aiming: Corrosive Bolt
Press: ? - help, Shift-Dir - straight line, f/p - ironbound preserver
Aim: an ironbound preserver, wielding a +0 flail and wearing a +0 ring mail (almost dead, 92% to hit)
The bolt of acid hits the ironbound preserver!!
The acid corrodes the ironbound preserver!
You kill the ironbound preserver!
A glowing mist starts to gather...
You swap places.
You reach down and close the door.
You start resting.
Something unseen opens the door.
You reach down and close the door.
You feel much better.
A deep troll earth mage opens the door.
Something unseen opens the door.
You reach down and close the door.
A freezing wraith comes into view.
Something unseen opens the door.
As you read the scroll of teleportation, it crumbles to dust.
You feel strangely unstable.
Unknown command.
You swap places.
A vault guard comes into view. It is wielding a +0 war axe.
Unknown command.
Unknown command.
Unknown command.
Unknown command.
Your surroundings suddenly seem different.
A freezing wraith comes into view.
Found a silver rune of Zot.
The freezing wraith moves out of view.
Unknown command.
You see here a silver rune of Zot.
Casting: Airstrike (safe; 0% risk of failure)
Confirm with . or Enter, or press ? or * to list all spells.
You feel a surge of power!
You miscast Chain Lightning.
You are very lightly contaminated with residual magic.
You are caught in a violent explosion!!
You die...

.. .. ##
' #####
#
#...#..#
#.@.'..#
#...#W.#
##### .#


You could see a freezing wraith.

Vanquished Creatures
  Sojobo (Depths:3)
  Boris (twice) (Vaults:4 Depths:4)
  Vashnia (Snake:3)
  4 caustic shrikes (Depths:4)
  Rupert (D:13)
  The ghost of zureal the Warrior, an adept MiBe of Trog (Snake:4)
  The ghost of GloriousHammer the Impaler, an adept FoCA of Ru (Elf:1)
  A tentacled monstrosity (Vaults:5)
  A deep elf blademaster (Elf:3)
  A walking earthen tome (Depths:4)
  A deep elf master archer (Elf:3)
  Polyphemus (Shoals:3)
  A lich (Depths:3)
  Frances (Snake:2)
  3 storm dragons
  Agnes (Snake:1)
  2 shadow dragons
  2 tengu reavers
  Roxanne (Snake:2)
  Aizul (Shoals:1)
  Donald (Snake:4)
  3 nagarajas (Snake:4)
  A draconian monk (Depths:4)
  An iron dragon (Depths:2)
  Ilsuiw (Shoals:2)
  3 fire giants
  An angel (Shoals:4)
  4 deep elf elementalists
  3 deep elf sorcerers (Elf:3)
  9 vault wardens
  An orc warlord (Orc:2)
  9 frost giants
  9 stone giants
  7 very ugly things
  A spriggan defender (Depths:3)
  4 formless jellyfish
  6 ironbound thunderhulks
  7 ironbound preservers
  A vampire knight (Depths:4)
  Nessos (D:12)
  2 black draconians (Depths:4)
  4 deep elf death magi
  The ghost of Ruojauj the Nimble, a journeyman MfGl of Uskayaw (Lair:3)
  2 dire elephants
  A minotaur (Gauntlet)
  A lorocyproca (Depths:3)
  4 spark wasps
  4 deep elf annihilators
  2 yellow draconians (Depths:4)
  A purple draconian (Depths:4)
  8 ettins
  A crystal guardian (Vaults:2)
  5 merfolk javelineers
  8 merfolk impalers
  Josephine (D:12)
  5 fire dragons
  An entropy weaver (shapeshifter) (Elf:1)
  3 deep elf high priests
  4 yaktaur captains
  Harold (D:10)
  An entropy weaver (Vaults:4)
  A jiangshi (Depths:3)
  34 vault guards
  4 rakshasas
  A hell beast (Depths:1)
  6 great orbs of eyes
  2 catoblepae
  A jorogumo (shapeshifter) (Elf:3)
  2 salamander tyrants
  Erica (Lair:2)
  3 ice dragons
  8 hydras
  10 anacondas
  An alligator snapping turtle (Shoals:4)
  14 death yaks
  6 spriggan air magi
  9 centaur warriors
  2 merfolk aquamancers
  2 merfolk avatars
  2 ironbound frosthearts
  4 boulder beetles
  A two-headed ogre (shapeshifter) (Vaults:5)
  A satyr (Shoals:3)
  13 naga warriors
  28 dancing weapons
  3 spriggan berserkers
  A deep troll shaman (Depths:4)
  3 two-headed ogres
  6 deep troll earth magi
  4 tengu warriors
  4 orc high priests
  Sonja (Orc:2)
  4 hell knights
  5 shock serpents
  14 deep elf knights
  23 naga sharpshooters
  A soul eater (Depths:3)
  Nergalle (Lair:1)
  Amaemon (Lair:1)
  4 iron trolls
  15 sea snakes
  2 salamander mystics
  4 sixfirhies
  A cherub (Shoals:4)
  A sea snake (shapeshifter) (Elf:3)
  2 skeletal warriors (D:13)
  A shadow wraith (Vaults:3)
  5 skysharks
  A goliath frog (Lair:5)
  5 arcanists
  29 deep trolls
  11 glowing orange brains
  9 mana vipers
  2 orb spiders (shapeshifter) (Elf:3)
  6 deep elf archers
  5 naga ritualists
  3 flayed ghosts
  12 ironbound convokers
  7 lindwurms
  12 harpies
  2 necromancers (Depths:2)
  22 deep elf zephyrmancers
  8 ugly things
  A wolf spider (shapeshifter) (Vaults:5)
  4 orc knights
  15 deep elf pyromancers
  2 human zombies (Vaults:4)
  An oklob plant (Lair:2)
  13 cyclopes
  5 orc sorcerers
  A manticore (shapeshifter) (Elf:3)
  9 fauns
  14 manticores
  3 salamanders
  An ice statue (IceCv)
  Joseph (D:7)
  2 meliai
  13 elephants
  10 merfolk sirens
  12 vault sentinels
  3 water nymphs
  2 guardian serpents
  A smoke demon (Depths:4)
  11 naga magi
  An orange demon (Lair:1)
  26 black mambas
  18 cane toads
  A gargoyle (D:11)
  Jeremiah (D:7)
  2 efreet
  A kobold demonologist (D:8)
  2 hellions
  13 yaktaurs
  An unseen horror (D:7)
  3 rime drakes
  A freezing wraith (Vaults:3)
  A golden dragon simulacrum (Depths:2)
  16 komodo dragons
  A human skeleton (Vaults:4)
  3 tengu conjurers
  22 merfolk
  9 polar bears
  A troll (shapeshifter) (Elf:3)
  4 trolls
  A polar bear (shapeshifter) (D:15)
  6 wind drakes
  A glass eye (Depths:2)
  A tarantella (shapeshifter) (Vaults:5)
  18 blink frogs
  A glass eye (shapeshifter) (Elf:1)
  4 snapping turtles
  3 hornets
  A raiju (Gauntlet)
  6 dream sheep
  22 slime creatures
  4 spriggans
  A slime creature (shapeshifter) (Elf:3)
  8 water elementals
  A spriggan (shapeshifter) (D:15)
  2 air elementals (Elf:1)
  7 wraiths
  52 yaks
  2 wyverns
  2 shadows
  A hog (shapeshifter) (D:13)
  3 basilisks
  A fire elemental (Elf:3)
  A redback (shapeshifter) (Depths:2)
  3 wargs (Orc:1)
  A golden eye (shapeshifter) (Elf:1)
  5 vampire mosquitoes
  Grum (D:6)
  5 steam dragons
  3 acid dragons
  34 nagas
  A swamp worm (shapeshifter) (Elf:1)
  16 water moccasins
  A knight (Shoals:2)
  A sky beast (D:5)
  Duvessa (D:7)
  30 orc warriors
  A black bear (shapeshifter) (D:12)
  2 black bears
  3 ogres
  4 boggarts (Lair:4)
  28 wolves
  A centaur (shapeshifter) (Elf:3)
  6 centaurs
  A phantom (D:5)
  A kobold brigand (D:8)
  4 gnoll sergeants
  13 bullfrogs
  An earth elemental (Elf:2)
  5 scorpions
  9 wights
  Dowan (D:7)
  16 killer bees
  15 electric eels
  8 howler monkeys
  3 lava snakes (Lair:1)
  2 bombardier beetles
  4 jellies (Lair:5)
  4 gnoll boudas
  36 orc priests
  18 hounds
  A sleepcap (D:5)
  10 iguanas
  4 hell rats
  32 orc wizards
  28 gnolls
  3 adders
  3 river rats (D:9)
  2 shadow imps
  2 white imps
  5 dart slugs
  3 ribbon worms
  85 orcs
  4 bats
  7 endoplasms
  4 giant cockroaches
  13 goblins
  9 hobgoblins
  5 jackals
  4 quokkas
  13 ball pythons
  2 frilled lizards
  10 kobolds
  4 rats
1498 creatures vanquished.

Vanquished Creatures (collateral kills)
  A dread lich (Vaults:3)
  Boris (Depths:2)
  2 golden dragons
  Nikola (Elf:1)
  2 hellephants (Elf:3)
  A tentacled monstrosity (Depths:2)
  A deep elf master archer (Elf:3)
  A deep elf blademaster (Elf:3)
  2 titans (Vaults:5)
  2 krakens
  A walking divine tome (Depths:2)
  An eldritch tentacle (Elf:3)
  A quicksilver ooze (shapeshifter) (Elf:3)
  3 fire giants
  5 tengu reavers
  2 shadow dragons
  3 nagarajas
  3 frost giants
  2 deep elf sorcerers (Elf:3)
  A draconian scorcher (Depths:4)
  2 vault wardens
  2 deep elf elementalists (Elf:3)
  9 ironbound preservers
  A spriggan defender (Depths:3)
  5 very ugly things
  An ironbound thunderhulk (Vaults:1)
  6 stone giants
  2 deep elf death magi (Elf:3)
  2 deep elf demonologists (Elf:3)
  4 dire elephants
  3 deep elf annihilators (Elf:3)
  3 spark wasps
  A green draconian (Depths:4)
  A yellow draconian (Depths:4)
  An eidolon (Vaults:3)
  9 merfolk impalers
  An entropy weaver (shapeshifter) (Elf:3)
  A jiangshi (Depths:3)
  A rakshasa (Depths:1)
  A deep elf high priest (Elf:3)
  7 fire dragons
  A spriggan zombie (Depths:2)
  3 yaktaur captains
  2 great orbs of eyes
  5 vault guards
  4 ice dragons
  An ogre mage (Vaults:4)
  A hell beast (Depths:1)
  3 spriggan air magi
  3 centaur warriors
  A hydra (Lair:5)
  2 ironbound frosthearts
  3 anacondas
  3 boulder beetles
  7 dancing weapons
  A merfolk aquamancer (Shoals:4)
  4 death yaks
  The ghost of Jingleheimer the Fighter, a novice FoCA of Ignis (D:7)
  A vampire mage (Depths:3)
  7 naga warriors
  2 deep troll shamans (Depths:2)
  A tengu warrior (D:15)
  5 deep troll earth magi
  9 hell knights
  2 deep elf knights
  2 spriggan berserkers (Depths:4)
  3 naga sharpshooters
  A salamander mystic (Snake:4)
  2 skysharks
  4 iron trolls
  A cherub (Shoals:4)
  4 glowing orange brains
  A sea snake (Snake:2)
  27 deep trolls
  A skeletal warrior (D:13)
  5 naga ritualists
  A glowing orange brain (shapeshifter) (Vaults:5)
  12 mana vipers
  3 arcanists
  A mana viper (shapeshifter) (Depths:3)
  A golden dragon skeleton (Depths:2)
  3 lindwurms (Vaults:4)
  A swamp dragon (shapeshifter) (Elf:3)
  13 deep elf zephyrmancers
  3 ironbound convokers
  6 deep elf archers
  8 harpies
  A necromancer (Vaults:4)
  2 orc knights
  3 deep elf pyromancers
  10 ugly things
  2 fauns (Shoals:1)
  2 cyclopes
  4 meliai
  2 merfolk sirens (Shoals:2)
  2 vault sentinels (Vaults:5)
  A kobold blastminer (Orc:1)
  An elephant (Lair:4)
  4 naga magi
  A water nymph (Shoals:2)
  17 black mambas
  A cane toad (Lair:5)
  2 freezing wraiths (Vaults:3)
  A kobold demonologist (D:8)
  An efreet (D:13)
  9 yaktaurs
  A tengu conjurer (D:15)
  2 komodo dragons
  4 hornets
  11 merfolk
  2 queen bees (shapeshifter)
  2 blink frogs
  A tyrant leech (Lair:5)
  2 wind drakes
  4 snapping turtles
  A raiju (Gauntlet)
  4 water elementals
  15 slime creatures
  3 spriggans
  An air elemental (Elf:1)
  A wraith (D:12)
  14 yaks
  2 wargs (Orc:1)
  A wyvern (Lair:2)
  3 vampire mosquitoes
  6 nagas
  A water moccasin (Lair:2)
  A glowing shapeshifter skeleton (Depths:2)
  11 orc warriors
  3 wolves (IceCv)
  An ogre (Orc:1)
  5 bullfrogs
  A killer bee (D:7)
  4 orc priests
  4 iguanas (Lair:3)
  3 orc wizards
  Robin (D:2)
  2 gnolls (D:4)
  2 shadow imps (D:8)
  15 orcs
  2 endoplasms (Lair:5)
  A giant cockroach (D:1)
  2 goblins (D:2)
  A hobgoblin (D:2)
  A bat (D:1)
  3 tentacles
484 creatures vanquished.

Vanquished Creatures (others)
  A titan (Vaults:5)
  12 eldritch tentacles
  A vault warden (Vaults:5)
  A spriggan defender (Depths:4)
  A stone giant (Depths:2)
  2 yaktaur captains
  A vault guard (Vaults:5)
  A peacekeeper (Vaults:2)
  A centaur warrior (Vaults:1)
  An occultist (Depths:1)
  A deep troll (Vaults:1)
  A deep elf zephyrmancer (Elf:2)
  5 yaktaurs
  9 knights
  10 ancestors
  An orc (D:4)
  A quokka (Depths:3)
  30 tentacles
80 creatures vanquished.

Grand Total: 2062 creatures vanquished

Notes
Turn   | Place    | Note
-------+----------+-------------------------------------------
     0 | D:1      | monsoonserge the Djinni Hedge Wizard began the quest for
                  | the Orb.
     0 | D:1      | monsoonserge set off with the following spells memorised:
                  | Magic Dart, Slow, Blink, Call Imp, Mephitic Cloud.
     0 | D:1      | Reached XP level 1. HP: 15/15 MP: 0/0
   125 | D:1      | Reached XP level 2. HP: 9/21 MP: 0/0
   365 | D:1      | Reached XP level 3. HP: 24/25 MP: 0/0
   365 | D:1      | Learned a level 1 spell: Apportation
   463 | D:1      | Found a faded altar of an unknown god.
  1151 | D:2      | Noticed Robin
  1336 | D:2      | Killed Robin
  1337 | D:2      | Reached XP level 4. HP: 26/31 MP: 0/0
  1855 | D:3      | Reached skill level 4 in Earth Magic
  1855 | D:3      | Reached XP level 5. HP: 27/36 MP: 0/0
  1855 | D:3      | Learned a level 2 spell: Scorch
  2253 | D:3      | Found a faded altar of an unknown god.
  2257 | D:3      | Found a white marble altar of Elyvilon.
  2614 | D:4      | Found a staircase to the Ecumenical Temple.
  2622 | Temple   | Entered the Ecumenical Temple
  2669 | D:4      | Found a large runed translucent door.
  2673 | D:4      | Noticed a steam dragon
  2674 | D:4      | Found a large runed translucent door.
  2837 | D:4      | Found a large runed translucent door.
  2837 | D:4      | Found a large runed translucent door.
  2859 | D:4      | Reached XP level 6. HP: 20/41 MP: 0/0
  2904 | D:4      | Reached skill level 1 in Fighting
  2978 | D:4      | Noticed a steam dragon
  2981 | D:4      | Killed a steam dragon
  2982 | D:4      | Reached skill level 5 in Spellcasting
  2982 | D:4      | Reached skill level 5 in Conjurations
  2982 | D:4      | Reached skill level 5 in Hexes
  2982 | D:4      | Reached skill level 5 in Summonings
  2982 | D:4      | Reached skill level 5 in Necromancy
  2982 | D:4      | Reached skill level 5 in Translocations
  2982 | D:4      | Reached skill level 5 in Fire Magic
  2982 | D:4      | Reached skill level 5 in Ice Magic
  2982 | D:4      | Reached skill level 5 in Air Magic
  2982 | D:4      | Reached skill level 5 in Earth Magic
  2982 | D:4      | Reached skill level 5 in Alchemy
  3114 | D:4      | Reached XP level 7. HP: 45/47 MP: 0/0
  3114 | D:4      | Learned a level 3 spell: Gell's Gravitas
  3222 | D:3      | Became a worshipper of Elyvilon the Healer
  3316 | D:4      | Noticed a two-headed ogre
  3330 | D:4      | Killed a two-headed ogre
  3331 | D:4      | Reached skill level 6 in Earth Magic
  3331 | D:4      | Reached XP level 8. HP: 11/52 MP: 0/0
  3689 | D:4      | Reached skill level 1 in Evocations
  3706 | D:4      | Got The Veiled Arts of the Warlock
  3767 | D:5      | Entered Level 5 of the Dungeon
  4061 | D:5      | Identified the ring "Fuploemi" {Wiz rElec Int+4}
  4066 | D:5      | Reached * piety under Elyvilon
  4411 | D:5      | Found a stormy altar of Qazlal.
  4427 | D:5      | Reached skill level 1 in Armour
  4427 | D:5      | Reached XP level 9. HP: 41/57 MP: 0/0
  4427 | D:5      | Learned a level 4 spell: Airstrike
  4611 | D:5      | Reached skill level 7 in Earth Magic
  4662 | D:5      | Found an opulent altar of Gozag.
  5494 | D:6      | Noticed a +0 hand axe
  5494 | D:6      | Noticed a +0 hand axe
  6316 | D:6      | Found a hide-covered altar of Uskayaw.
  6674 | D:6      | Reached skill level 5 in Evocations
  6814 | D:6      | Reached ** piety under Elyvilon
  6910 | D:6      | Reached XP level 10. HP: 60/62 MP: 0/0
  7129 | D:6      | Reached skill level 1 in Shields
  7177 | D:6      | Noticed Grum
  7181 | D:6      | Killed Grum
  7244 | D:6      | Reached skill level 8 in Earth Magic
  7682 | D:7      | Noticed Jeremiah
  7691 | D:7      | Killed Jeremiah
  7692 | D:7      | Reached skill level 5 in Armour
  8040 | D:7      | Noticed Duvessa
  8040 | D:7      | Noticed Dowan
  8042 | D:7      | Killed Dowan
  8047 | D:7      | Killed Duvessa
  8238 | D:7      | Found a runed translucent gate.
  8238 | D:7      | Noticed Jingleheimer's ghost (novice FoCA)
  8239 | D:7      | Found a runed translucent gate.
  8239 | D:7      | Found a runed translucent gate.
  8239 | D:7      | Noticed a deep elf pyromancer
  8276 | D:7      | Reached skill level 5 in Invocations
  8487 | D:7      | Noticed Joseph
  8499 | D:7      | Killed Joseph
  9121 | D:8      | Reached *** piety under Elyvilon
  9605 | D:8      | Reached XP level 11. HP: 41/67 MP: 0/0
  9605 | D:8      | Learned a level 5 spell: Silence
 10166 | D:8      | Identified the +5 war axe of the Sage {heavy, ^Drain Fly
                  | Will- SInv}
 10253 | D:8      | Found a transporter.
 10275 | D:8      | Found a transporter.
 10448 | D:8      | Reached skill level 5 in Shields
 10495 | D:8      | Found Xicvafro's Tremendous Tomes.
 10828 | D:9      | Reached **** piety under Elyvilon
 11035 | D:9      | Reached skill level 9 in Earth Magic
 11340 | D:9      | Found a staircase to the Orcish Mines.
 11515 | D:9      | Identified the +4 great sword "Gikem" {holy, rElec rF+
                  | Str+3 Stlth-}
 11579 | D:9      | Noticed a death yak
 11583 | D:9      | Noticed a death yak
 11594 | D:9      | Noticed a death yak
 11614 | D:9      | Killed a death yak
 11853 | D:9      | Found a staircase to the Lair.
 12171 | D:9      | Killed a death yak
 12183 | D:9      | Killed a death yak
 12643 | D:9      | Reached ***** piety under Elyvilon
 12688 | D:10     | Entered Level 10 of the Dungeon
 13016 | D:10     | Noticed a two-headed ogre
 13018 | D:10     | Noticed a two-headed ogre
 13021 | D:10     | Killed a two-headed ogre
 13022 | D:10     | Reached skill level 5 in Fighting
 13022 | D:10     | Reached XP level 12. HP: 66/81 MP: 0/0
 13032 | D:10     | Killed a two-headed ogre
 13176 | D:10     | Noticed Harold
 13182 | D:10     | Noticed a centaur warrior
 13185 | D:10     | Killed Harold
 13186 | D:10     | Reached skill level 10 in Spellcasting
 13186 | D:10     | Reached skill level 10 in Conjurations
 13186 | D:10     | Reached skill level 10 in Hexes
 13186 | D:10     | Reached skill level 10 in Summonings
 13186 | D:10     | Reached skill level 10 in Necromancy
 13186 | D:10     | Reached skill level 10 in Translocations
 13186 | D:10     | Reached skill level 10 in Fire Magic
 13186 | D:10     | Reached skill level 10 in Ice Magic
 13186 | D:10     | Reached skill level 10 in Air Magic
 13186 | D:10     | Reached skill level 10 in Earth Magic
 13186 | D:10     | Reached skill level 10 in Alchemy
 13601 | D:10     | Found a hazy altar of Hepliaklqana.
 13999 | D:10     | Killed a centaur warrior
 14319 | D:11     | Identified the amulet "Kiclurgha" {Spirit rElec rN+ Str-5}
 14887 | D:12     | Noticed a glowing orange brain
 14887 | D:12     | Noticed a yaktaur captain
 15212 | Lair:1   | Entered Level 1 of the Lair of Beasts
 15959 | Lair:1   | Noticed a boulder beetle
 15960 | Lair:1   | Reached XP level 13. HP: 60/90 MP: 0/0
 15960 | Lair:1   | Learned a level 5 spell: Borgnjor's Vile Clutch
 16158 | D:10     | Fell from the grace of Elyvilon
 16158 | D:10     | Became a worshipper of Hepliaklqana the Forgotten
 16346 | Lair:1   | Noticed Amaemon
 16666 | Lair:1   | Noticed Nergalle
 16691 | Lair:1   | Killed Amaemon
 16699 | Lair:1   | Killed Nergalle
 17544 | Lair:2   | Found a frozen archway.
 17657 | IceCv    | Entered an ice cave
 18090 | IceCv    | Reached skill level 10 in Shields
 18385 | IceCv    | Noticed a frost giant
 18402 | IceCv    | Killed a frost giant
 19392 | IceCv    | Reached * piety under Hepliaklqana
 20174 | IceCv    | Reached skill level 10 in Fighting
 20174 | IceCv    | Reached skill level 11 in Earth Magic
 20225 | IceCv    | Reached XP level 14. HP: 52/92 MP: 0/0
 20661 | Lair:2   | Noticed Erica
 20665 | Lair:2   | Killed Erica
 21704 | Lair:2   | Reached skill level 5 in Dodging
 22742 | Lair:2   | Reached skill level 12 in Earth Magic
 24207 | Lair:2   | Identified the +0 orcbow of the Dragonfly {freeze, Fly}
 24262 | Lair:2   | Found a staircase to the Snake Pit.
 24694 | Lair:3   | Found a large runed translucent door.
 24694 | Lair:3   | Found a large runed translucent door.
 24723 | Lair:3   | Identified the +3 trident of Focus {flame, Will+ Str+4}
 24853 | Lair:3   | Reached ** piety under Hepliaklqana
 24853 | Lair:3   | Found a gate leading to a gauntlet.
 24854 | Lair:3   | Remembered your ancestor Edmée as a knight
 24890 | Gauntlet | Entered a Gauntlet
 24890 | Gauntlet | Found a transporter.
 24890 | Gauntlet | Found a transporter.
 24890 | Gauntlet | Found a transporter.
 25046 | Gauntlet | Found a transporter.
 25046 | Gauntlet | Found a transporter.
 25059 | Gauntlet | Found a transporter.
 25068 | Gauntlet | Found a transporter.
 25071 | Gauntlet | Found a transporter.
 25087 | Gauntlet | Found a transporter.
 25092 | Gauntlet | Found a runed translucent door.
 25101 | Gauntlet | Found a transporter.
 25106 | Gauntlet | Found a transporter.
 25133 | Gauntlet | Found a transporter.
 25238 | Gauntlet | Identified the +0 helmet of the Eternal Void {+Inv Str+4
                  | Dex+2}
 25287 | Gauntlet | Reached XP level 15. HP: 78/100 MP: 0/0
 25287 | Gauntlet | Learned a level 6 spell: Eringya's Noxious Bog
 25527 | Gauntlet | Identified the +0 long sword of Aridd {speed, rC+ Int+2}
 25885 | Lair:3   | Upgraded the game from 0.31.0 to 0.31.0-2-g5a2aebc5c2
 26354 | Lair:3   | Found a staircase to the Shoals.
 27034 | Lair:3   | Noticed Ruojauj's ghost (journeyman MfGl)
 27119 | Lair:4   | Reached *** piety under Hepliaklqana
 28493 | Lair:5   | Entered Level 5 of the Lair of Beasts
 29449 | Lair:5   | Found a staircase to the Slime Pits.
 29449 | Lair:5   | Found a viscous altar of Jiyva.
 29476 | Lair:5   | Reached skill level 13 in Earth Magic
 29926 | Lair:5   | Reached **** piety under Hepliaklqana
 30044 | Lair:5   | Identified the +0 hand axe "Dragon's Death Toll" {vamp,
                  | rF+}
 30913 | D:7      | Killed Jingleheimer's ghost
 31479 | D:11     | Reached XP level 16. HP: 57/108 MP: 0/0
 33013 | D:12     | Noticed Nessos
 33021 | D:12     | Killed Nessos
 33741 | D:12     | Noticed Josephine
 33746 | D:12     | Killed Josephine
 34459 | D:13     | Found a gate to the Vaults.
 34480 | D:13     | Noticed Rupert
 36000 | D:13     | Killed Rupert
 36109 | D:14     | Reached skill level 14 in Earth Magic
 36284 | D:14     | Reached ***** piety under Hepliaklqana
 37058 | D:15     | Entered Level 15 of the Dungeon
 37393 | D:15     | Reached XP level 17. HP: 102/117 MP: 0/0
 37393 | D:15     | Learned a level 6 spell: Death Channel
 37871 | D:15     | Gained mutation: You are frail. (-10% HP) [a neqoxec]
 38277 | D:15     | Identified the +0 great sword "Worm's Wrath" {protect,
                  | Str+4 SInv}
 38410 | D:15     | Found a staircase to the Depths.
 38893 | Orc:1    | Entered Level 1 of the Orcish Mines
 39481 | Orc:1    | Found Feqisups's Book Shop.
 39806 | Orc:2    | Entered Level 2 of the Orcish Mines
 39806 | Orc:2    | Noticed Sonja
 39810 | Orc:2    | Killed Sonja
 39811 | Orc:2    | Reached skill level 15 in Earth Magic
 40296 | Orc:2    | Found a staircase to the Elven Halls.
 40468 | Orc:2    | Reached skill level 15 in Fighting
 40474 | Orc:2    | Reached skill level 15 in Spellcasting
 40474 | Orc:2    | Reached skill level 15 in Conjurations
 40474 | Orc:2    | Reached skill level 15 in Hexes
 40474 | Orc:2    | Reached skill level 15 in Summonings
 40474 | Orc:2    | Reached skill level 15 in Necromancy
 40474 | Orc:2    | Reached skill level 15 in Translocations
 40474 | Orc:2    | Reached skill level 15 in Fire Magic
 40474 | Orc:2    | Reached skill level 15 in Ice Magic
 40474 | Orc:2    | Reached skill level 15 in Air Magic
 40474 | Orc:2    | Reached skill level 15 in Alchemy
 40500 | Orc:2    | Found Amommyif's General Store.
 40868 | Lair:3   | Killed Ruojauj's ghost
 41101 | Snake:1  | Entered Level 1 of the Snake Pit
 41568 | Snake:1  | Reached skill level 16 in Earth Magic
 41811 | Shoals:1 | Entered Level 1 of the Shoals
 42746 | Shoals:1 | Reached skill level 17 in Earth Magic
 43070 | Shoals:1 | Reached XP level 18. HP: 68/110 MP: 0/0
 43532 | Shoals:1 | Identified the serpent talisman "Qafeqem" {+Blink rN+
                  | Dex+4}
 43532 | Shoals:1 | Noticed Aizul
 43533 | Shoals:1 | Reached skill level 1 in Throwing
 43540 | Shoals:1 | Killed Aizul
 43567 | Shoals:1 | HP: 3/110 [merfolk javelineer/silver javelin (14)]
 43567 | Shoals:1 | HP: 1/110 [merfolk javelineer/silver javelin (2)]
 43852 | Lair:3   | Upgraded the game from 0.31.0-2-g5a2aebc5c2 to
                  | 0.31.0-4-g52a2dc7128
 45372 | Orc:2    | Found Xade's Antique Armour Emporium.
 45373 | Orc:2    | Found Piceduz's Antique Weapon Emporium.
 45375 | Orc:2    | Found Ysadasm's Jewellery Shoppe.
 45404 | Orc:2    | Bought a pair of glowing gloves for 172 gold pieces
 45409 | Orc:2    | Bought a spiked robe for 131 gold pieces
 45409 | Orc:2    | Identified the +0 robe of Freezing Fun {Harm rN+ Stlth+}
                  | (You bought it in a shop on level 2 of the Orcish Mines)
 45796 | Shoals:2 | Noticed a kraken
 46032 | Shoals:2 | Noticed Ilsuiw
 46039 | Shoals:2 | Reached skill level 18 in Earth Magic
 46253 | Shoals:2 | Found Oneoguro's Self-Improvement Boutique.
 46271 | Shoals:2 | Bought a manual of Fighting for 1520 gold pieces
 46948 | Shoals:2 | Killed a kraken
 47231 | Shoals:2 | Identified 2 scrolls of acquirement
 47231 | Shoals:2 | Acquired the +1 pair of gloves "Kumiqig" {*Corrode rC+ MP+9
                  | Int+5}
 47766 | Snake:1  | Acquired 664 gold pieces
 48082 | Snake:1  | Noticed Agnes
 48094 | Snake:1  | Killed Agnes
 49098 | Snake:1  | Identified the +3 pair of gloves "Yfootupt" {rF- rCorr MP+9
                  | Dex+8}
 49579 | Snake:2  | Found a shadowy altar of Dithmenos.
 50026 | Snake:2  | Identified the +1 robe of the Tired Spines {-Tele rF+ rC+}
 50194 | Snake:2  | Noticed Frances
 50391 | Shoals:2 | Killed Ilsuiw
 51032 | Shoals:3 | Noticed Polyphemus
 51269 | Shoals:3 | Reached XP level 19. HP: 107/118 MP: 0/0
 51269 | Shoals:3 | Learned a level 6 spell: Dispersal
 51862 | Shoals:3 | Killed Polyphemus
 51863 | Shoals:3 | Reached skill level 19 in Earth Magic
 53092 | Shoals:4 | Entered Level 4 of the Shoals
 53766 | Shoals:4 | Found a glowing silver altar of Zin.
 53811 | Shoals:4 | Identified the orb "Helitunepn" {*Rage, ^Drain rPois MP+9
                  | Fire}
 53977 | Shoals:4 | Identified the +7 scale mail of the Morning {Harm rF+
                  | Dex+4}
 54159 | Shoals:4 | Found the +18 Lear's hauberk
 54231 | Shoals:4 | Found a white marble altar of Elyvilon.
 55422 | Shoals:4 | Found a glowing golden altar of the Shining One.
 55435 | Shoals:4 | Got a barnacled rune of Zot
 55998 | Snake:2  | Noticed Roxanne
 56007 | Snake:2  | Killed Roxanne
 56351 | Snake:2  | Reached skill level 20 in Earth Magic
 56512 | Snake:2  | Killed Frances
 56721 | Snake:3  | Reached XP level 20. HP: 48/129 MP: 0/0
 57776 | Snake:3  | Noticed Vashnia
 58394 | Snake:3  | Killed Vashnia
 58820 | Snake:4  | Entered Level 4 of the Snake Pit
 58883 | Snake:4  | Found Natiheug's Book Emporium.
 59111 | Snake:4  | Reached skill level 10 in Dodging
 59530 | Snake:4  | Reached skill level 21 in Earth Magic
 59558 | Snake:4  | Reached ****** piety under Hepliaklqana
 59581 | Snake:4  | Identified the +0 pair of boots of the Yeti {rPois rF+
                  | Int+3}
 59831 | Snake:4  | Noticed Donald
 60382 | Snake:4  | Killed Donald
 60522 | Snake:4  | Found a runed translucent door.
 60522 | Snake:4  | Noticed zureal's ghost (adept MiBe)
 61321 | Snake:4  | Killed zureal's ghost
 61322 | Snake:4  | Reached skill level 22 in Earth Magic
 61632 | Snake:4  | Reached XP level 21. HP: 127/135 MP: 0/0
 61632 | Snake:4  | Learned a level 8 spell: Discord
 61933 | Snake:4  | Got a serpentine rune of Zot
 62518 | Vaults:1 | Entered Level 1 of the Vaults
 62552 | Vaults:1 | Found Jorosteol's General Store.
 62560 | Vaults:1 | Bought a potion of ambrosia for 104 gold pieces
 65486 | Vaults:2 | Found a runed translucent gate.
 65486 | Vaults:2 | Found a runed translucent gate.
 65487 | Vaults:2 | Found a runed translucent gate.
 65493 | Vaults:2 | Noticed deprived's ghost (veteran HOFi)
 65869 | Vaults:3 | Identified the +8 glaive of Orauwa {flame, Str+4}
 66011 | Vaults:3 | Reached skill level 23 in Earth Magic
 66013 | Vaults:3 | Noticed a dread lich
 66025 | Vaults:3 | Killed a dread lich
 66026 | Vaults:3 | Reached skill level 10 in Armour
 66045 | Vaults:3 | Identified the +1 plate armour of Lyazoj {Str+2}
 66237 | Vaults:3 | Identified the ring of Winter {Ice rPois rCorr Str+3 Dex-3}
 66509 | Vaults:3 | Found Pesus's Assorted Antiques.
 66568 | Vaults:3 | Reached XP level 22. HP: 108/140 MP: 0/0
 66672 | Vaults:3 | Found a staircase to the Crypt.
 66673 | Vaults:3 | Found a basalt altar of Yredelemnul.
 67884 | Vaults:4 | Identified the +6 scale mail "Jiyjux" {rElec rC+ rCorr
                  | Str+2}
 67905 | Vaults:4 | Noticed Boris
 67917 | Vaults:4 | Killed Boris
 69606 | Vaults:4 | Reached skill level 24 in Earth Magic
 71238 | Vaults:4 | Reached skill level 25 in Earth Magic
 71568 | Depths:1 | Entered Level 1 of the Depths
 72067 | Elf:1    | Entered Level 1 of the Elven Halls
 72120 | Elf:1    | Reached XP level 23. HP: 116/145 MP: 0/0
 72120 | Elf:1    | Learned a level 7 spell: Malign Gateway
 72122 | Elf:1    | Paralysed by an air elemental for 1 turns
 72368 | Elf:1    | Identified the ring "Noatecot" {rElec rC+ Str+3 Stlth-}
 72546 | Elf:1    | Noticed GloriousHammer's ghost (adept FoCA)
 72547 | Elf:1    | Found a runed translucent door.
 72696 | Elf:1    | Noticed Nikola
 72710 | Elf:1    | Found Usoshriqa's Assorted Antiques.
 72713 | Elf:1    | Killed Nikola
 72727 | Elf:1    | Bought 2 potions of heal wounds for 280 gold pieces
 72990 | Elf:1    | Paralysed by an air elemental for 1 turns
 73544 | Elf:1    | Killed GloriousHammer's ghost
 73941 | Elf:2    | Identified the blade talisman of the Visions {*Slow rF+++
                  | rN+++ Will-}
 73954 | Elf:2    | Reached skill level 26 in Earth Magic
 74698 | Elf:2    | Found a runed translucent gate.
 74698 | Elf:2    | Found a runed translucent gate.
 74699 | Elf:2    | Found a runed translucent gate.
 74774 | Elf:3    | Entered Level 3 of the Elven Halls
 74895 | Elf:3    | Found a huge runed translucent gate.
 74895 | Elf:3    | Found a huge runed translucent gate.
 74896 | Elf:3    | Found a huge runed translucent gate.
 74896 | Elf:3    | Found a huge runed translucent gate.
 74896 | Elf:3    | Found a huge runed translucent gate.
 74897 | Elf:3    | Found a huge runed translucent gate.
 74897 | Elf:3    | Found a huge runed translucent gate.
 74897 | Elf:3    | Found a huge runed translucent gate.
 74898 | Elf:3    | Found a huge runed translucent gate.
 74902 | Elf:3    | Found a huge runed translucent gate.
 74902 | Elf:3    | Found a huge runed translucent gate.
 74902 | Elf:3    | Found a huge runed translucent gate.
 74903 | Elf:3    | Found a huge runed translucent gate.
 74903 | Elf:3    | Found a huge runed translucent gate.
 74907 | Elf:3    | Found a huge runed translucent gate.
 74907 | Elf:3    | Found a huge runed translucent gate.
 74926 | Elf:3    | Found a huge runed translucent gate.
 74928 | Elf:3    | Found a huge runed translucent gate.
 75052 | Elf:3    | Found a huge runed translucent gate.
 75052 | Elf:3    | Found a huge runed translucent gate.
 75057 | Elf:3    | Found a huge runed translucent gate.
 75058 | Elf:3    | Found a huge runed translucent gate.
 75059 | Elf:3    | Found a huge runed translucent gate.
 75060 | Elf:3    | Found a huge runed translucent gate.
 75060 | Elf:3    | Found a huge runed translucent gate.
 75061 | Elf:3    | Found a huge runed translucent gate.
 75066 | Elf:3    | Found a huge runed translucent gate.
 75067 | Elf:3    | Found a huge runed translucent gate.
 75068 | Elf:3    | Found a huge runed translucent gate.
 75069 | Elf:3    | Found a huge runed translucent gate.
 75070 | Elf:3    | Found a huge runed translucent gate.
 75071 | Elf:3    | Found a huge runed translucent gate.
 75073 | Elf:3    | Found a huge runed translucent gate.
 75073 | Elf:3    | Found a huge runed translucent gate.
 75077 | Elf:3    | Found a huge runed translucent gate.
 75085 | Elf:3    | Found a huge runed translucent gate.
 75686 | Elf:3    | Identified the +5 rapier "Ymaxekuv" {protect, Dex+3}
 75687 | Elf:3    | Identified the ring of Wullec {^Drain rElec Will+ EV+5}
 75688 | Elf:3    | Identified the ring "Giunky" {Fire +Blink rN+++ Str+3
                  | Dex-5}
 75691 | Elf:3    | Identified the ring "Wiw Ciur" {rC+ rN++}
 75697 | Elf:3    | HP: 7/145 [deep elf annihilator/crystal spear (65)]
 76308 | Elf:3    | Reached skill level 27 in Earth Magic
 76310 | Elf:3    | Identified the ring "Qopp" {Fire Stlth+}
 76993 | Elf:3    | Got Vopnox's Reference Book on Twisted Allies
 77086 | Elf:3    | Identified the staff "Utoon" {rN+ Dex+2 Earth}
 77087 | Elf:3    | Identified the flux talisman "Lelas" {Int+4 Dex+2}
 77237 | Elf:3    | Reached XP level 24. HP: 93/150 MP: 0/0
 77405 | Elf:3    | Got Biasmyte's Folio of Confrontation and the Graveyard
 78001 | Depths:1 | Identified the +1 scale mail of New Discoveries {*Corrode
                  | rPois Int+2}
 78201 | Depths:1 | Found a one-way gate leading to the halls of Pandemonium.
 78297 | Depths:1 | Found a gateway to Hell.
 79142 | Depths:1 | Found a broken altar of Ashenzari.
 79886 | Depths:2 | Noticed Boris
 80366 | Depths:2 | Found Mibb's Magic Scroll Boutique.
 80370 | Depths:2 | Found Nockuing's Magic Scroll Shop.
 80374 | Depths:2 | Found Ikkainaeg's Jewellery Boutique.
 80377 | Depths:2 | Bought a scroll of teleportation for 66 gold pieces
 80379 | Depths:2 | Bought a scroll of blinking for 135 gold pieces
 80379 | Depths:2 | Bought a scroll of teleportation for 54 gold pieces
 81307 | Depths:2 | Found a one-way gate to the infinite horrors of the Abyss.
 81365 | Depths:2 | Killed Boris
 81808 | Depths:2 | Noticed a golden dragon
 81814 | Depths:2 | Killed a golden dragon
 82075 | Depths:2 | Reached skill level 10 in Evocations
 82196 | Depths:2 | Identified the +3 leather armour "Omivaen" {rCorr Dex+6}
 82215 | Depths:2 | Identified the +5 great sword "Killer Bee's Foe" {flame,
                  | +Blink Str+5 Stlth-}
 82976 | Depths:3 | Found a white marble altar of Elyvilon.
 83610 | Depths:3 | Noticed Sojobo
 83936 | Depths:3 | Reached XP level 25. HP: 100/155 MP: 0/0
 83936 | Depths:3 | Learned a level 9 spell: Chain Lightning
 84916 | Depths:3 | Paralysed by an air elemental for 1 turns
 84919 | Depths:3 | Killed Sojobo
 85332 | Depths:3 | Found a one-way gateway to a ziggurat.
 85556 | Depths:3 | Reached skill level 15 in Shields
 85782 | Depths:4 | Entered Level 4 of the Depths
 85915 | Depths:4 | Noticed Boris
 85921 | Depths:4 | Killed Boris
 86604 | Depths:4 | Noticed a caustic shrike
 86605 | Depths:4 | Noticed a caustic shrike
 86609 | Depths:4 | Noticed a caustic shrike
 86610 | Depths:4 | Killed a caustic shrike
 86611 | Depths:4 | Noticed a caustic shrike
 86612 | Depths:4 | Killed a caustic shrike
 86613 | Depths:4 | Killed a caustic shrike
 86615 | Depths:4 | Killed a caustic shrike
 88764 | Depths:4 | Identified the +6 glaive of the Moon {pain, Will+ Str+3}
 88876 | Depths:4 | Found a corrupted altar of Lugonu.
 89044 | Depths:4 | Found a gate to the Realm of Zot.
 90274 | Elf:2    | Reached XP level 26. HP: 126/160 MP: 0/0
 90989 | Vaults:5 | Entered Level 5 of the Vaults
 92018 | Vaults:5 | HP: 5/160 [arc of chain lightning (13)]
 92037 | Vaults:5 | Killed by miscasting Chain Lightning

Illustrated notes

Levels and vault maps discovered:
D:1:      dpeg_arrival_arbitrary_c, layout_rooms, serial_forest,
          infiniplex_forest_zigzag_1, infiniplex_forest_zigzag_2,
          infiniplex_forest_straight_1, infiniplex_forest_lined_3_way,
          infiniplex_forest_straight_2, infiniplex_forest_clump_medium,
          dreamdust_ecumenical_altar_angels_and_demons
D:2:      layout_rooms, uniq_robin
D:3:      layout_basic, nicolae_overflow_ecumenical_swirl, st_stairs_11
D:4:      layout_basic, minmay_temple_entry_wispy, minmay_hollow_rounded_squares
D:5:      layout_loops_corners, nicolae_gozag_cash_rules_everything_around_me,
          mainiacjoe_overflow_chevrons
D:6:      layout_cave_pools, dancing_weapons_uskayaw, serial_gnoll_camp,
          gnoll_camp_mini_house, gnoll_camp_mini_basic,
          gnoll_camp_mini_loothouse, gnoll_camp_mini_hut, gnoll_camp_huts_moat,
          grums_kennel
D:7:      layout_basic, gammafunk_ghost_split,
          eino_small_chamber_without_monster, uniq_duvessa, uniq_joseph,
          uniq_jeremiah
D:8:      gammafunk_wand_slinger, layout_loops_ring,
          mainiacjoe_overflow_surrounded_room, kiku_gazebo_garden_becter,
          nicolae_shop_i_like_big_books
D:9:      layout_irregular_city, dpeg_lair_monsters, erik_orc_2, minivault_10
D:10:     layout_basic, worldfamousw_hep_ancestral_shrine, uniq_harold
D:11:     layout_rooms
D:12:     hangedman_surveillance_ring, layout_basic, serial_bayou_crossing,
          uniq_nessos, uniq_josephine
D:13:     layout_grid_maze, erik_vaults_2, uniq_rupert
D:14:     layout_cross, serial_bayou_shore_b, minmay_liquid_box
D:15:     grunt_enter_depths_snipers, layout_long_grid,
          minmay_misc_feat_ornament, nicolae_concentric_dashed_squares_wild,
          minmay_mirror_moons_of_madness
Temple:   eino_wide_crystal_templ
Lair:1:   layout_small_grid, nicolae_lair_liquid_snakes, uniq_grum,
          uniq_nergalle, uniq_amaemon
Lair:2:   nzn_winding_woodlands_stair_trap [nzn_winding_woodlands_5x15_twine,
          nzn_winding_woodlands_5x15_pathside_ponds,
          nzn_winding_woodlands_5x15_crooked,
          nzn_winding_woodlands_15x15_killbox,
          nzn_winding_woodlands_5x15_concentric,
          nzn_winding_woodlands_5x15_garden, nzn_winding_woodlands_5x15_zeroes],
          layout_regular_city, minmay_snake_entry_guardpost_small,
          portal_ice_cave_entry_pillars_1, minmay_lindwurm_lava, uniq_erica
Lair:3:   beast_lair_carwin_large_4, layout_regular_city,
          minmay_shoals_entry_beasts, ebering_ghost_disaster_area,
          gauntlet_entry_generic
Lair:4:   layout_cellular_growth, kilobyte_rumbling_trees
Lair:5:   minmay_lair_end_frog_pond, layout_hall_layers,
          nicolae_slime_entry_slimehenge, columned_hall_lemuel,
          serial_bayou_shore_a
Shoals:1: layout_shoals, st_shoals_ruin, uniq_aizul
Shoals:2: layout_shoals, nicolae_shop_self_help, uniq_ilsuiw
Shoals:3: layout_shoals, uniq_polyphemus
Shoals:4: shoals_end_hellmonk_holy_island
Snake:1:  nicolae_snake_shooting_gallery, layout_onion_interference, uniq_agnes
Snake:2:  layout_basic, basic_altar, uniq_frances, uniq_roxanne
Snake:3:  kennysheep_six_static_rooms, layout_rooms, uniq_vashnia
Snake:4:  snake_pit, layout_cave_town, serial_shops, shop,
          ebering_ghost_inner_flame, uniq_donald
Orc:1:    layout_caves, serial_shops, nicolae_shop_back_alley_shop,
          mines5_lemuel
Orc:2:    st_orc_congregation, layout_diamond_mine, uniq_sonja
Elf:1:    layout_geoelf_grid, hellmonk_ghost_happy_afterlife, serial_shops,
          nicolae_shop_advertising_works [nicolae_subvault_shop_adworks],
          minivault_28, uniq_nikola
Elf:2:    nicolae_elf_blades_splatter_lattice [infiniplex_blade_entry_pillars],
          layout_geoelf_grid
Elf:3:    grunt_elf_hall_asides, layout_gridlike, not_door_vault_due
Vaults:1: v_alt_pattern_6, hangedman_vaults_corner,
          nicolae_vaults_ring_of_whatevers, nicolae_vaults_storage_room_statues,
          nicolae_vaults_display_case, v_misc_10, vaults_room_large_hall,
          v_misc_17, vaults_dpeg_encased_lava, layout_vaults_big_room,
          serial_shops, shop_statue
Vaults:2: gammafunk_ghost_split, nicolae_vaults_little_squares_3,
          nicolae_vaults_tetromino_T_2, nicolae_vaults_trapezoid_3,
          v_alt_pattern_5, nicolae_vaults_oval_intersection,
          nicolae_vaults_little_squares_6, nicolae_vaults_tetromino_T_1,
          layout_vaults_omnicross
Vaults:3: minmay_crypt_entry_necro_gods,
          nicolae_vaults_you_can_take_it_with_you, nicolae_vaults_tangram_1,
          vaults_room_fours, hangedman_vaults_trim, nicolae_vaults_house_2,
          ontoclasm_vaults_twist, ontoclasm_vaults_ring_square,
          nicolae_vaults_double_plus_2, layout_vaults_omnigrid, serial_shops,
          nicolae_lakefront_shop
Vaults:4: ontoclasm_vaults_bender, nicolae_vaults_storage_room_water,
          hangedman_vaults_corner_blocks, nicolae_vaults_shipping_containers_1,
          nicolae_vaults_closet_pinwheel_2, vaults_dpeg_doors,
          nicolae_vaults_ellipses_ellipsis, nicolae_vaults_angled_halls,
          v_rooms_5, vaults_mumra_lcd, ontoclasm_vaults_misaligned, v_rooms_3,
          vaults_room_large_hall, nicolae_vaults_little_ls,
          nicolae_vaults_tetromino_Z_1, layout_vaults_maze, uniq_boris
Vaults:5: serial_shops
Depths:1: layout_twisted_cross, rand_demon_pan_entry_8, hangedman_coc_ice_floe,
          cheibrodos_ashenzari_chains, grunt_megastairs_4, firewood_loft
Depths:2: kennysheep_large_spiral, layout_gridlike, grunt_pan_entry_spiral,
          abyss_entry, hell_entry, infiniplex_staircase_zigzag_5,
          minmay_shop_star
Depths:3: kennysheep_ambush_hall, layout_cave_shapes, enter_ziggurat_b,
          grunt_hell_entry_dis_mu, hangedman_abyss_entry_splay,
          elyvilon_altar_4, rand_demon_pan_entry_1,
          infiniplex_staircase_split_hallway, serial_bayou_shore_b, uniq_sojobo,
          uniq_grunn
Depths:4: grunt_zot_entry_gee_three, layout_gridlike,
          wad_floor_pattern_untrapped, abyss_entry_flame_altar,
          rand_demon_pan_entry_3, hell_entry

Skill      XL: |  1  2  3  4  5  6  7  8  9 10 11 12 13 14 15 16 17 18 19 20 21 22 23 24 25 26 |
---------------+-------------------------------------------------------------------------------+-----
Stealth        | 2 3 4 |  4.7
Dodging        | 3 4 5 8 9 10 | 10.6
Spellcasting   | 4 5 6 7 8 9 10 11 12 13 14 15 16 17 18 19 20 22 23 24 | 24.7
Conjurations   | 4 5 6 7 8 9 10 11 12 13 14 15 16 17 18 19 20 22 23 24 | 24.7
Hexes          | 4 5 6 7 8 9 10 11 12 13 14 15 16 17 18 19 20 22 23 24 | 24.7
Summonings     | 4 5 6 7 8 9 10 11 12 13 14 15 16 17 18 19 20 22 23 24 | 24.7
Necromancy     | 4 5 6 7 8 9 10 11 12 13 14 15 16 17 18 19 20 22 23 24 | 24.7
Translocations | 4 5 6 7 8 9 10 11 12 13 14 15 16 17 18 19 20 22 23 24 | 24.7
Fire Magic     | 4 5 6 7 8 9 10 11 12 13 14 15 16 17 18 19 20 22 23 24 | 24.7
Ice Magic      | 4 5 6 7 8 9 10 11 12 13 14 15 16 17 18 19 20 22 23 24 | 24.7
Air Magic      | 4 5 6 7 8 9 10 11 12 13 14 15 16 17 18 19 20 22 23 24 | 24.7
Earth Magic    | 4 5 6 7 8 9 10 11 12 13 14 17 18 20 22 23 25 27 | 27.0
Alchemy        | 4 5 6 7 8 9 10 11 12 13 14 15 16 17 18 19 20 22 23 24 | 24.7
Fighting       | 1 5 7 10 12 13 14 15 17 19 20 | 20.4
Invocations    | 4 6 7 |  7.1
Evocations     | 2 5 7 8 10 | 10.7
Armour         | 1 4 5 6 7 10 11 13 | 13.7
Shields        | 4 7 9 11 12 14 15 16 | 16.3
Throwing       | 2 3 |  3.0
Polearms       | |  0.1
Staves         | |  0.1

Action                     |  1- 3 |  4- 6 |  7- 9 | 10-12 | 13-15 | 16-18 | 19-21 | 22-24 | 25-27 || total
---------------------------+-------+-------+-------+-------+-------+-------+-------+-------+-------++-------
  Melee: Dagger            |     9 |     3 |    11 |     2 |       |       |       |       |       ||    25
         Trident           |       |       |       |       |     4 |     3 |     2 |       |       ||     9
         Falchion          |       |       |       |       |     3 |       |       |       |       ||     3
         Staff             |       |       |       |       |       |       |     7 |     5 |       ||    12
  Throw: Dart              |       |       |     2 |       |       |     1 |       |       |       ||     3
   Cast: Magic Dart        |    81 |   103 |       |       |       |       |       |       |       ||   184
         Call Imp          |     5 |     1 |       |       |     6 |     1 |       |     1 |       ||    14
         Blink             |     1 |       |     3 |    13 |    11 |    19 |     7 |    11 |     3 ||    68
         Mephitic Cloud    |     3 |     2 |    17 |    22 |    31 |    17 |    13 |    30 |     6 ||   141
         Scorch            |       |    17 |   139 |   246 |   223 |    35 |       |     7 |       ||   667
         Gell's Gravitas   |       |       |    17 |    52 |    34 |    53 |    20 |    84 |     1 ||   261
         Airstrike         |       |       |    16 |   109 |   473 |   775 |   776 |   693 |   238 ||  3080
         Apportation       |       |       |       |     1 |       |       |       |       |       ||     1
         Borgnjor's Vile C |       |       |       |       |    44 |    20 |     2 |     6 |     1 ||    73
         Silence           |       |       |       |       |     1 |       |       |     2 |       ||     3
         Eringya's Noxious |       |       |       |       |     7 |    17 |       |     1 |       ||    25
         Death Channel     |       |       |       |       |       |    33 |    29 |    41 |     9 ||   112
         Dispersal         |       |       |       |       |       |       |     6 |     4 |     3 ||    13
         Discord           |       |       |       |       |       |       |     7 |    13 |     2 ||    22
         Malign Gateway    |       |       |       |       |       |       |       |    11 |     2 ||    13
         Chain Lightning   |       |       |       |       |       |       |       |       |    60 ||    60
 Invoke: Heal Self         |       |       |       |     1 |       |       |       |       |       ||     1
         Heal Other        |       |       |       |     1 |       |       |       |       |       ||     1
         Ancestor Life: Kn |       |       |       |       |     1 |       |       |       |       ||     1
         Transference      |       |       |       |       |       |     3 |     2 |       |       ||     5
         Recall Ancestor   |       |       |       |       |       |     2 |     9 |     9 |     3 ||    23
         Idealise          |       |       |       |       |       |       |     1 |     1 |       ||     2
  Evoke: Box of beasts     |       |       |       |       |     1 |     1 |       |       |     1 ||     3
         Lightning rod     |       |       |       |       |       |     2 |       |       |       ||     2
         Wand              |       |       |       |       |       |       |     1 |       |     1 ||     2
    Use: Scroll            |       |     4 |     4 |     6 |     8 |    14 |     9 |     5 |     4 ||    54
         Potion            |       |       |     1 |     2 |       |     6 |       |     1 |     5 ||    15
   Stab: Sleeping          |     1 |       |       |       |       |       |       |       |       ||     1
         Confused          |       |     1 |     2 |       |       |       |       |       |       ||     3
 Armour: Robe              |    18 |    12 |    13 |   109 |   122 |    18 |       |       |       ||   292
         Ring mail         |       |       |    65 |       |       |       |       |       |       ||    65
         Leather armour    |       |       |     1 |     6 |       |       |       |       |       ||     7
         Acid dragon scale |       |       |       |       |       |   113 |    12 |       |       ||   125
         Scale mail        |       |       |       |       |       |       |    77 |   128 |    95 ||   300
  Dodge: Dodged            |    28 |    21 |    52 |    63 |   102 |   130 |    52 |    48 |    32 ||   528
         Repelled          |       |       |       |       |     4 |     9 |     4 |     8 |     6 ||    31
  Block: Kite shield       |       |       |       |    64 |   112 |    24 |   144 |   118 |    22 ||   484
         Buckler           |       |       |       |       |       |   132 |       |       |       ||   132
         Reflection        |       |       |       |       |       |    42 |    51 |    17 |     2 ||   112
